2510 views
Uploaded 2021-11-10 15:09:34
Game version 1.32.10
21:53 long 3on3 ladder game on (6)Monsoon_LV
Saved by xzz
2510 views
Uploaded 2021-11-10 15:09:34
Game version 1.32.10
21:53 long 3on3 ladder game on (6)Monsoon_LV


123 units @ 15.1k
/ 1.7k
56 buildings @ 7.7k
/ 3.2k


| Moonstone | 1 | 50 |
| Lesser Clarity Potion | 2 | 140 |
| total: | 3 | 190g |
| Wisp | 21 | 1260 | / | 0 |
| Huntress | 7 | 1365 | / | 140 |
| Archer | 5 | 650 | / | 50 |
| Hippogryph | 9 | 1440 | / | 180 |
| total: | 42 | 4715g | / | 370w |
| Moon Well | 6 | 1080 | / | 240 |
| Hunter's Hall | 1 | 210 | / | 100 |
| Ancient of War | 2 | 300 | / | 120 |
| Altar of Elders | 1 | 180 | / | 50 |
| Tree of Life | 1 | 340 | / | 185 |
| Ancient of Wonders | 1 | 90 | / | 30 |
| Ancient of Wind | 2 | 300 | / | 280 |
| Tree of Ages | 1 | 320 | / | 180 |
| Tree of Eternity | 1 | 330 | / | 200 |
| total: | 14 | 2500g | / | 1005w |
| 0:03 | Wisp |
| 0:03 | Wisp |
| 0:04 | Wisp |
| 0:22 | Moon Well |
| 0:37 | Wisp |
| 0:37 | Wisp |
| 0:38 | Wisp |
| 0:56 | Hunter's Hall |
| 1:01 | Ancient of War |
| 1:21 | Wisp |
| 1:31 | Altar of Elders |
| 1:35 | Wisp |
| 1:43 | Wisp |
| 2:01 | Moon Well |
| 2:19 | Huntress |
| 2:26 | Wisp |
| 2:41 | Ancient of War |
| 2:52 | Strength of the Moon |
| 3:10 | Moon Well |
| 3:29 | Huntress |
| 3:52 | Huntress |
| 4:00 | Entangling Roots |
| 4:08 | Huntress |
| 4:39 | Moon Well |
| 4:47 | Huntress |
| 6:03 | Tree of Life |
| 6:10 | Moon Well |
| 6:13 | Tree of Ages |
| 6:18 | Moon Armor |
| 6:32 | Ancient of Wonders |
| 6:36 | Thorns Aura |
| 7:01 | Huntress |
| 7:47 | Ultravision |
| 7:49 | Huntress |
| 7:57 | Moonstone |
| 7:59 | Lesser Clarity Potion |
| 8:01 | Lesser Clarity Potion |
| 8:17 | Moon Well |
| 8:41 | Moon Glaive |
| 8:45 | Improved Strength of the Moon |
| 8:45 | Improved Moon Armor |
| 9:04 | Entangling Roots |
| 10:47 | Thorns Aura |
| 11:10 | Wisp |
| 11:13 | Tree of Eternity |
| 11:19 | Ancient of Wind |
| 11:21 | Ancient of Wind |
| 11:34 | Improved Bows |
| 11:35 | Archer |
| 11:35 | Archer |
| 11:35 | Archer |
| 12:27 | Hippogryph |
| 12:27 | Hippogryph |
| 12:28 | Hippogryph |
| 12:29 | Hippogryph |
| 12:33 | Wisp |
| 12:33 | Wisp |
| 12:33 | Wisp |
| 12:33 | Wisp |
| 12:33 | Wisp |
| 12:47 | Archer |
| 13:40 | Hippogryph |
| 13:41 | Archer |
| 13:43 | Wisp |
| 13:44 | Wisp |
| 13:44 | Wisp |
| 13:44 | Wisp |
| 13:44 | Wisp |
| 14:05 | Hippogryph |
| 14:06 | Hippogryph |
| 14:46 | Hippogryph |
| 14:46 | Marksmanship |
| 15:31 | Hippogryph |
| 16:18 | Trueshot Aura |
| Select group | 342 |
| Right click | 319 |
| Select | 197 |
| Build/train/purchase | 71 |
| Misc. action | 60 |
| Use ability | 26 |
| Assign group | 19 |
| Minimap ping | 10 |
| Item give/drop | 1 |


| Scroll of Regeneration | 2 | 200 |
| Scroll of Town Portal | 1 | 350 |
| total: | 3 | 550g |
| Peasant | 17 | 1275 | / | 0 |
| Rifleman | 13 | 2665 | / | 390 |
| Priest | 5 | 675 | / | 50 |
| Sorceress | 2 | 310 | / | 40 |
| Knight | 1 | 245 | / | 60 |
| total: | 38 | 5170g | / | 540w |
| Scout Tower | 1 | 30 | / | 20 |
| Altar of Kings | 1 | 180 | / | 50 |
| Blacksmith | 1 | 140 | / | 60 |
| Barracks | 2 | 320 | / | 120 |
| Farm | 9 | 720 | / | 180 |
| Arcane Vault | 1 | 130 | / | 30 |
| Town Hall | 1 | 385 | / | 205 |
| Lumber Mill | 1 | 120 | / | 0 |
| Arcane Sanctum | 2 | 300 | / | 280 |
| Keep | 1 | 320 | / | 210 |
| Castle | 1 | 360 | / | 210 |
| total: | 19 | 2325g | / | 945w |
| 0:02 | Peasant |
| 0:02 | Peasant |
| 0:08 | Peasant |
| 0:39 | Peasant |
| 0:39 | Peasant |
| 0:49 | Altar of Kings |
| 0:53 | Blacksmith |
| 0:57 | Barracks |
| 1:05 | Farm |
| 1:08 | Peasant |
| 1:20 | Farm |
| 1:23 | Peasant |
| 1:41 | Peasant |
| 1:58 | Farm |
| 2:10 | Rifleman |
| 2:10 | Rifleman |
| 2:15 | Peasant |
| 2:29 | Rifleman |
| 2:31 | Peasant |
| 2:49 | Summon Water Elemental |
| 2:56 | Rifleman |
| 2:59 | Peasant |
| 4:03 | Brilliance Aura |
| 4:07 | Arcane Vault |
| 4:13 | Town Hall |
| 4:26 | Farm |
| 4:45 | Keep |
| 5:08 | Rifleman |
| 5:13 | Barracks |
| 5:25 | Lumber Mill |
| 5:40 | Black Gunpowder |
| 5:45 | Peasant |
| 5:52 | Scroll of Regeneration |
| 6:01 | Rifleman |
| 6:06 | Farm |
| 6:15 | Scroll of Regeneration |
| 6:21 | Rifleman |
| 6:31 | Farm |
| 6:38 | Improved Lumber Harvesting |
| 6:55 | Summon Water Elemental |
| 7:00 | Rifleman |
| 7:10 | Arcane Sanctum |
| 7:15 | Peasant |
| 7:15 | Peasant |
| 7:15 | Peasant |
| 7:49 | Peasant |
| 7:57 | Farm |
| 8:04 | Advanced Lumber Harvesting |
| 8:33 | Long Rifles |
| 8:39 | Storm Bolt |
| 8:54 | Priest Adept Training |
| 8:55 | Priest |
| 9:00 | Arcane Sanctum |
| 9:07 | Farm |
| 9:08 | Rifleman |
| 9:43 | Rifleman |
| 10:00 | Thunder Clap |
| 10:08 | Blizzard |
| 10:25 | Rifleman |
| 10:28 | Priest |
| 11:00 | Rifleman |
| 11:07 | Priest |
| 11:12 | Farm |
| 11:16 | Peasant |
| 11:38 | Sorceress |
| 11:39 | Sorceress Adept Training |
| 12:35 | Castle |
| 13:57 | Priest |
| 13:57 | Sorceress |
| 14:00 | Rifleman |
| 14:07 | Refined Gunpowder |
| 14:07 | Studded Leather Armor |
| 14:24 | Scroll of Town Portal |
| 14:30 | Scout Tower |
| 14:57 | Sorceress Master Training |
| 15:00 | Priest Master Training |
| 15:46 | Knight |
| 15:47 | Priest |
| Select | 218 |
| Right click | 191 |
| Select group | 164 |
| Build/train/purchase | 81 |
| Misc. action | 77 |
| Assign group | 36 |
| Use ability | 17 |
| Resource trade | 5 |
| Minimap ping | 3 |
| Item give/drop | 1 |


| Scroll of Regeneration | 5 | 500 |
| Lesser Clarity Potion | 2 | 140 |
| Staff of Sanctuary | 1 | 250 |
| Potion of Healing | 1 | 150 |
| Scroll of Town Portal | 2 | 700 |
| Scroll of Healing | 1 | 250 |
| total: | 12 | 1990g |
| Peasant | 17 | 1275 | / | 0 |
| Footman | 7 | 945 | / | 0 |
| Flying Machine | 10 | 1000 | / | 300 |
| Mortar Team | 3 | 540 | / | 210 |
| Knight | 4 | 980 | / | 240 |
| Gnoll Warden | 2 | 430 | / | 40 |
| total: | 43 | 5170g | / | 790w |
| Scout Tower | 2 | 60 | / | 40 |
| Arcane Tower | 1 | 70 | / | 50 |
| Guard Tower | 1 | 70 | / | 50 |
| Altar of Kings | 1 | 180 | / | 50 |
| Farm | 11 | 880 | / | 220 |
| Barracks | 2 | 320 | / | 120 |
| Arcane Vault | 1 | 130 | / | 30 |
| Town Hall | 2 | 770 | / | 410 |
| Lumber Mill | 1 | 120 | / | 0 |
| Blacksmith | 1 | 140 | / | 60 |
| Workshop | 2 | 280 | / | 280 |
| Keep | 2 | 640 | / | 420 |
| Castle | 1 | 360 | / | 210 |
| total: | 23 | 2880g | / | 1210w |
| 0:05 | Peasant |
| 0:06 | Peasant |
| 0:12 | Altar of Kings |
| 0:17 | Farm |
| 0:21 | Barracks |
| 0:31 | Peasant |
| 0:39 | Peasant |
| 0:56 | Farm |
| 1:06 | Peasant |
| 1:19 | Peasant |
| 1:23 | Footman |
| 1:37 | Peasant |
| 1:43 | Footman |
| 1:52 | Farm |
| 1:54 | Peasant |
| 2:02 | Peasant |
| 2:07 | Defend |
| 2:14 | Thunder Clap |
| 2:31 | Peasant |
| 2:31 | Footman |
| 2:50 | Peasant |
| 2:55 | Arcane Vault |
| 3:00 | Farm |
| 3:13 | Peasant |
| 3:19 | Footman |
| 3:23 | Storm Bolt |
| 4:09 | Town Hall |
| 4:17 | Scroll of Regeneration |
| 4:19 | Farm |
| 4:23 | Peasant |
| 4:24 | Peasant |
| 4:31 | Footman |
| 4:47 | Thunder Clap |
| 4:54 | Peasant |
| 5:00 | Scout Tower |
| 5:15 | Gnoll Warden |
| 5:17 | Lumber Mill |
| 5:18 | Peasant |
| 5:29 | Arcane Tower |
| 5:30 | Scout Tower |
| 5:32 | Farm |
| 5:37 | Footman |
| 5:42 | Blacksmith |
| 5:46 | Farm |
| 6:05 | Gnoll Warden |
| 6:16 | Peasant |
| 6:37 | Keep |
| 6:46 | Storm Bolt |
| 7:26 | Iron Plating |
| 7:27 | Black Gunpowder |
| 7:30 | Scroll of Regeneration |
| 7:32 | Lesser Clarity Potion |
| 7:39 | Guard Tower |
| 7:40 | Farm |
| 7:42 | Farm |
| 7:44 | Farm |
| 7:51 | Improved Lumber Harvesting |
| 8:23 | Footman |
| 8:54 | Scroll of Town Portal |
| 8:54 | Scroll of Healing |
| 9:03 | Advanced Lumber Harvesting |
| 9:04 | Castle |
| 9:07 | Workshop |
| 9:46 | Workshop |
| 10:07 | Scroll of Regeneration |
| 10:07 | Scroll of Regeneration |
| 10:07 | Lesser Clarity Potion |
| 10:09 | Siphon Mana |
| 10:33 | Thunder Clap |
| 10:55 | Flying Machine |
| 10:55 | Flying Machine |
| 10:55 | Flying Machine |
| 10:57 | Farm |
| 11:10 | Town Hall |
| 11:19 | Flak Cannons |
| 11:53 | Animal War Training |
| 12:12 | Flying Machine |
| 12:13 | Fragmentation Shards |
| 12:28 | Mortar Team |
| 12:29 | Knight |
| 13:01 | Barracks |
| 13:03 | Mortar Team |
| 13:53 | Knight |
| 13:55 | Mortar Team |
| 13:59 | Scroll of Town Portal |
| 14:00 | Scroll of Regeneration |
| 14:05 | Staff of Sanctuary |
| 14:07 | Potion of Healing |
| 14:10 | Knight |
| 14:12 | Steel Plating |
| 14:39 | Flying Machine |
| 14:39 | Flying Machine |
| 14:39 | Flying Machine |
| 14:39 | Flying Machine |
| 15:05 | Flying Machine |
| 15:05 | Flying Machine |
| 15:46 | Knight |
| Right click | 643 |
| Select group | 566 |
| Select | 381 |
| Build/train/purchase | 153 |
| Assign group | 56 |
| Misc. action | 49 |
| Use ability | 27 |
| Minimap ping | 24 |
| Item give/drop | 5 |
| Remove unit | 3 |
| Esc | 1 |
136 units @ 19k
/ 1.9k
56 buildings @ 7.9k
/ 3.4k

| Healing Salve | 1 | 100 |
| Orb of Lightning | 1 | 375 |
| Scroll of Town Portal | 2 | 700 |
| Scroll of Regeneration | 1 | 100 |
| total: | 5 | 1275g |
| Peon | 15 | 1125 | / | 0 |
| Grunt | 18 | 3600 | / | 0 |
| Tauren | 8 | 2240 | / | 640 |
| total: | 41 | 6965g | / | 640w |
| Altar of Storms | 1 | 180 | / | 50 |
| Orc Burrow | 6 | 960 | / | 240 |
| Barracks | 2 | 360 | / | 100 |
| Voodoo Lounge | 1 | 130 | / | 30 |
| War Mill | 1 | 205 | / | 0 |
| Great Hall | 1 | 385 | / | 185 |
| Tauren Totem | 2 | 270 | / | 310 |
| Stronghold | 1 | 315 | / | 190 |
| Fortress | 1 | 325 | / | 190 |
| total: | 14 | 2490g | / | 915w |
| 0:03 | Peon |
| 0:03 | Peon |
| 0:07 | Altar of Storms |
| 0:10 | Orc Burrow |
| 0:27 | Peon |
| 0:38 | Barracks |
| 0:49 | Peon |
| 0:58 | Peon |
| 1:07 | Peon |
| 1:31 | Orc Burrow |
| 1:34 | Peon |
| 1:46 | Grunt |
| 2:07 | Grunt |
| 2:14 | Shockwave |
| 2:27 | Orc Burrow |
| 2:40 | Voodoo Lounge |
| 2:52 | Grunt |
| 2:52 | Grunt |
| 3:16 | Grunt |
| 3:39 | Endurance Aura |
| 3:44 | Stronghold |
| 4:03 | War Mill |
| 4:19 | Healing Salve |
| 4:28 | Grunt |
| 4:43 | Orc Burrow |
| 5:02 | Grunt |
| 5:02 | Grunt |
| 5:55 | Great Hall |
| 5:58 | Grunt |
| 6:17 | Berserker Strength |
| 6:35 | Grunt |
| 6:55 | Pillage |
| 6:59 | Steel Melee Weapons |
| 6:59 | Steel Armor |
| 7:34 | Endurance Aura |
| 7:36 | Grunt |
| 8:02 | Fortress |
| 8:09 | Tauren Totem |
| 8:13 | Tauren Totem |
| 8:52 | Grunt |
| 9:00 | Peon |
| 9:01 | Peon |
| 9:01 | Peon |
| 9:02 | Peon |
| 9:09 | Thorium Melee Weapons |
| 10:31 | Shockwave |
| 10:55 | Tauren |
| 10:58 | Grunt |
| 10:59 | Grunt |
| 11:04 | Pulverize |
| 11:12 | Barracks |
| 11:16 | Tauren |
| 11:24 | Peon |
| 11:24 | Peon |
| 11:46 | Tauren |
| 11:50 | Orb of Lightning |
| 11:51 | Scroll of Town Portal |
| 12:01 | Peon |
| 12:01 | Peon |
| 12:07 | Orc Burrow |
| 12:11 | Grunt |
| 12:12 | Grunt |
| 12:16 | Grunt |
| 12:36 | Tauren |
| 12:36 | Tauren |
| 13:16 | Tauren |
| 13:16 | Tauren |
| 14:03 | Scroll of Regeneration |
| 14:04 | Scroll of Town Portal |
| 14:14 | Orc Burrow |
| 14:20 | Arcanite Melee Weapons |
| 15:46 | Endurance Aura |
| 16:14 | Tauren |
| 16:18 | Grunt |
| Right click | 290 |
| Select | 241 |
| Chat | 202 |
| Build/train/purchase | 64 |
| Use ability | 21 |
| Misc. action | 9 |
| Minimap ping | 4 |
| Item give/drop | 1 |



| Scroll of Regeneration | 2 | 200 |
| Potion of Healing | 4 | 600 |
| Orb of Fire | 1 | 325 |
| Potion of Mana | 1 | 200 |
| Scroll of Town Portal | 2 | 700 |
| Scroll of Healing | 1 | 250 |
| Potion of Lesser Invulnerability | 1 | 150 |
| total: | 12 | 2425g |
| Peasant | 16 | 1200 | / | 0 |
| Footman | 3 | 405 | / | 0 |
| Rifleman | 14 | 2870 | / | 420 |
| Priest | 4 | 540 | / | 40 |
| Sorceress | 1 | 155 | / | 20 |
| Mortar Team | 1 | 180 | / | 70 |
| total: | 39 | 5350g | / | 550w |
| Scout Tower | 7 | 210 | / | 140 |
| Guard Tower | 2 | 140 | / | 100 |
| Altar of Kings | 1 | 180 | / | 50 |
| Farm | 10 | 800 | / | 200 |
| Barracks | 1 | 160 | / | 60 |
| Blacksmith | 1 | 140 | / | 60 |
| Arcane Vault | 1 | 130 | / | 30 |
| Town Hall | 1 | 385 | / | 205 |
| Lumber Mill | 1 | 120 | / | 0 |
| Arcane Sanctum | 1 | 150 | / | 140 |
| Gryphon Aviary | 1 | 140 | / | 150 |
| Workshop | 1 | 140 | / | 140 |
| Keep | 1 | 320 | / | 210 |
| Castle | 1 | 360 | / | 210 |
| total: | 26 | 2555g | / | 1175w |
| 0:03 | Peasant |
| 0:03 | Peasant |
| 0:03 | Peasant |
| 0:03 | Peasant |
| 0:03 | Peasant |
| 0:20 | Altar of Kings |
| 0:35 | Farm |
| 0:50 | Barracks |
| 0:54 | Peasant |
| 0:54 | Peasant |
| 1:10 | Farm |
| 1:16 | Peasant |
| 1:28 | Peasant |
| 1:28 | Peasant |
| 1:50 | Blacksmith |
| 2:01 | Farm |
| 2:05 | Footman |
| 2:05 | Footman |
| 2:11 | Footman |
| 2:24 | Summon Water Elemental |
| 2:53 | Keep |
| 3:03 | Rifleman |
| 3:18 | Arcane Vault |
| 3:37 | Brilliance Aura |
| 3:59 | Rifleman |
| 4:00 | Rifleman |
| 4:33 | Town Hall |
| 4:53 | Lumber Mill |
| 4:55 | Scout Tower |
| 4:56 | Scout Tower |
| 4:57 | Scout Tower |
| 4:57 | Scout Tower |
| 5:05 | Farm |
| 5:10 | Scroll of Regeneration |
| 5:11 | Scroll of Regeneration |
| 5:21 | Castle |
| 5:59 | Summon Water Elemental |
| 6:27 | Rifleman |
| 6:28 | Rifleman |
| 6:53 | Storm Bolt |
| 7:19 | Rifleman |
| 7:26 | Peasant |
| 7:26 | Peasant |
| 7:26 | Peasant |
| 7:26 | Peasant |
| 7:28 | Guard Tower |
| 7:29 | Improved Masonry |
| 7:39 | Potion of Healing |
| 8:03 | Arcane Sanctum |
| 8:55 | Rifleman |
| 8:58 | Peasant |
| 8:59 | Peasant |
| 9:01 | Scout Tower |
| 9:03 | Scout Tower |
| 9:04 | Scout Tower |
| 9:20 | Priest Adept Training |
| 9:22 | Farm |
| 9:24 | Farm |
| 10:01 | Bash |
| 10:09 | Brilliance Aura |
| 10:11 | Holy Light |
| 10:15 | Rifleman |
| 10:15 | Rifleman |
| 10:16 | Priest |
| 10:16 | Priest |
| 10:47 | Rifleman |
| 11:13 | Guard Tower |
| 11:18 | Farm |
| 11:19 | Advanced Masonry |
| 11:23 | Scroll of Town Portal |
| 11:24 | Orb of Fire |
| 11:24 | Potion of Healing |
| 11:29 | Potion of Healing |
| 11:32 | Priest Master Training |
| 11:39 | Long Rifles |
| 11:57 | Rifleman |
| 12:06 | Gryphon Aviary |
| 12:11 | Priest |
| 12:26 | Sorceress |
| 12:45 | Workshop |
| 12:52 | Potion of Healing |
| 12:52 | Potion of Mana |
| 13:02 | Imbued Masonry |
| 14:02 | Rifleman |
| 14:02 | Rifleman |
| 14:04 | Fragmentation Shards |
| 14:04 | Mortar Team |
| 14:06 | Priest |
| 14:43 | Scroll of Town Portal |
| 14:43 | Potion of Lesser Invulnerability |
| 14:43 | Scroll of Healing |
| 14:53 | Rifleman |
| 15:06 | Farm |
| 15:07 | Farm |
| 15:08 | Farm |
| 15:12 | Black Gunpowder |
| 15:34 | Devotion Aura |
| 15:47 | Storm Bolt |
| 15:59 | Brilliance Aura |
| Right click | 442 |
| Select | 363 |
| Build/train/purchase | 101 |
| Chat | 61 |
| Use ability | 26 |
| Misc. action | 12 |
| Select group | 9 |
| Assign group | 5 |
| Item give/drop | 3 |
| Remove unit | 3 |
| Minimap ping | 3 |

| Lesser Clarity Potion | 1 | 70 |
| Potion of Healing | 1 | 150 |
| Orb of Venom | 1 | 325 |
| Anti-magic Potion | 1 | 100 |
| Scroll of Town Portal | 3 | 1050 |
| Scroll of Healing | 1 | 250 |
| Scroll of Regeneration | 6 | 600 |
| total: | 14 | 2545g |
| Wisp | 24 | 1440 | / | 0 |
| Archer | 20 | 2600 | / | 200 |
| Hippogryph | 8 | 1280 | / | 160 |
| Mountain Giant | 4 | 1400 | / | 400 |
| total: | 56 | 6720g | / | 760w |
| Altar of Elders | 1 | 180 | / | 50 |
| Moon Well | 6 | 1080 | / | 240 |
| Ancient of War | 2 | 300 | / | 120 |
| Ancient of Wonders | 1 | 90 | / | 30 |
| Hunter's Hall | 1 | 210 | / | 100 |
| Tree of Life | 1 | 340 | / | 185 |
| Ancient of Wind | 2 | 300 | / | 280 |
| Ancient of Lore | 2 | 310 | / | 290 |
| Tree of Ages | 1 | 320 | / | 180 |
| Tree of Eternity | 1 | 330 | / | 200 |
| total: | 16 | 2810g | / | 1295w |
| 0:05 | Wisp |
| 0:05 | Wisp |
| 0:09 | Altar of Elders |
| 0:15 | Moon Well |
| 0:30 | Ancient of War |
| 0:36 | Wisp |
| 0:54 | Wisp |
| 1:23 | Moon Well |
| 1:30 | Wisp |
| 1:31 | Wisp |
| 1:36 | Archer |
| 1:58 | Archer |
| 2:13 | Shadow Strike |
| 2:24 | Archer |
| 2:39 | Ancient of Wonders |
| 2:42 | Wisp |
| 2:42 | Wisp |
| 2:59 | Archer |
| 3:03 | Hunter's Hall |
| 3:05 | Wisp |
| 3:18 | Moon Well |
| 3:48 | Archer |
| 3:49 | Archer |
| 3:55 | Blink |
| 4:01 | Wisp |
| 4:03 | Wisp |
| 4:24 | Archer |
| 4:59 | Tree of Ages |
| 5:38 | Archer |
| 5:39 | Strength of the Moon |
| 5:40 | Moon Armor |
| 5:53 | Moon Well |
| 6:05 | Tree of Life |
| 6:13 | Lesser Clarity Potion |
| 7:02 | Shadow Strike |
| 7:27 | Archer |
| 7:32 | Ancient of Wind |
| 7:35 | Wisp |
| 7:35 | Wisp |
| 7:35 | Wisp |
| 7:39 | Moon Well |
| 7:43 | Archer |
| 8:11 | Archer |
| 8:11 | Improved Bows |
| 8:25 | Scroll of Regeneration |
| 8:29 | Scroll of Regeneration |
| 8:42 | Hippogryph |
| 8:48 | Ancient of Wind |
| 8:52 | Wisp |
| 8:56 | Wisp |
| 8:57 | Wisp |
| 8:57 | Wisp |
| 8:57 | Wisp |
| 9:11 | Improved Strength of the Moon |
| 9:15 | Hippogryph |
| 11:06 | Hippogryph |
| 11:07 | Archer |
| 11:09 | Tree of Eternity |
| 11:12 | Ancient of War |
| 11:18 | Blink |
| 11:34 | Archer |
| 11:36 | Advanced Strength of the Moon |
| 11:36 | Improved Moon Armor |
| 11:40 | Ancient of Lore |
| 11:45 | Moon Well |
| 11:48 | Wisp |
| 11:48 | Wisp |
| 12:02 | Hippogryph |
| 12:03 | Archer |
| 12:05 | Archer |
| 12:23 | Archer |
| 12:37 | Scroll of Regeneration |
| 12:39 | Scroll of Town Portal |
| 12:58 | Hippogryph |
| 13:01 | Mountain Giant |
| 13:06 | Scroll of Town Portal |
| 13:20 | Potion of Healing |
| 14:03 | Mountain Giant |
| 14:05 | Ancient of Lore |
| 14:11 | Hippogryph |
| 14:14 | Marksmanship |
| 14:22 | Scroll of Regeneration |
| 14:56 | Scroll of Town Portal |
| 15:02 | Scroll of Healing |
| 15:14 | Hardened Skin |
| 15:15 | Resistant Skin |
| 16:17 | Shadow Strike |
| 16:51 | Mountain Giant |
| 16:55 | Hippogryph |
| 16:56 | Hippogryph |
| 16:59 | Archer |
| 17:02 | Well Spring |
| 17:10 | Wisp |
| 17:10 | Wisp |
| 17:10 | Wisp |
| 17:20 | Scroll of Regeneration |
| 17:37 | Scroll of Regeneration |
| 18:12 | Orb of Venom |
| 18:18 | Anti-magic Potion |
| 18:24 | Archer |
| 18:25 | Archer |
| 18:43 | Mountain Giant |
| 19:14 | Archer |
| 19:26 | Reinforced Hides |
| 19:29 | Ultravision |
| 19:31 | Nature's Blessing |
| 20:33 | Improved Reinforced Hides |
| 21:17 | Abolish Magic |
| Right click | 575 |
| Select | 392 |
| Build/train/purchase | 122 |
| Select group | 107 |
| Chat | 66 |
| Use ability | 30 |
| Assign group | 28 |
| Resource trade | 8 |
| Misc. action | 5 |
| Esc | 5 |
| Minimap ping | 3 |
| Item give/drop | 2 |
⇛